 Dungeon Crawl Stone Soup version 0.27-a0-797-g27d10ad80f (webtiles) character file.

Game seed: 6577790764203380388

729983 Hasart the Pyromancer (level 27, -5/209 HPs)
             Began as a Demigod Conjurer on Mar 27, 2021.
             Killed from afar by a quicksilver dragon (28 damage)
             ... with a bolt of dispelling energy
             ... on level 5 of the Realm of Zot on Mar 28, 2021.
             The game lasted 06:46:31 (97268 turns).

Hasart the Pyromancer (Demigod Conjurer)           Turns: 97268, Time: 06:46:32

Health: -5/209     AC:  9    Str: 27    XL:     27
Magic:  5/54       EV: 15    Int: 44    God:
Gold:   1164       SH:  4    Dex: 13    Spells: 2/56 levels left

rFire    + . .     SeeInvis +   b - +6 Majin-Bo {vamp, MP+6 Int+6}
rCold    . . .     Faith    .   (shield currently unavailable)
rNeg     + . .     Spirit   .   I - +0 troll leather armour
rPois    +         Reflect  .   (helmet restricted)
rElec    .         Harm     .   E - +1 cloak {Will+}
rCorr    .         Rampage  .   z - +2 pair of gloves {archery}
Will     ++++.     Rnd*Tele +   Q - +2 pair of boots {Fly}
Stlth    ++........             Y - amulet "Keuplo" {RegenMP Dex+3}
HPRegen  1.44/turn              q - ring of Moodiness {rPois SInv}
MPRegen  0.59/turn              B - ring "Sauss" {Wiz rF+ rN+ Str+3}

@: swift (expiring), corroded, flying, studying 2 skills, quick
A: high mp 1, forlorn, claws 1, horns 1, large bone plates 1, clumsy 1, dopey 1,
strong-willed 1, teleportitis 1
}: 4/15 runes: decaying, slimy, silver, gossamer
a: Stop Flying


You were on level 5 of the Realm of Zot.
You visited 11 branches of the dungeon, and saw 57 of its levels.
You also visited: Bailey, Ice Cave, Volcano and Wizlab.

You collected 8677 gold pieces.
You spent 7513 gold pieces at shops.

Inventory:

Hand Weapons
 b - the +6 Majin-Bo (weapon) {vamp, MP+6 Int+6}
   (You found it on level 3 of the Crypt)

   It inflicts no extra harm, but heals its wielder when it wounds a living foe.
   It affects your intelligence (+6).
   It affects your magic capacity (+6).
 v - a +2 demon whip of electrocution
 W - a +1 trishula of holy wrath
Armour
 s - a +2 kite shield of fire resistance
 t - +0 gold dragon scales
 z - a +2 pair of gloves of archery (worn)
 A - quicksilver dragon scales
 E - a +1 cloak of willpower (worn)
 F - a +0 tower shield of reflection
 I - a +0 troll leather armour (worn)
 Q - a +2 pair of boots of flying (worn)
 Z - the +3 robe of Clouds {+Thunder rCloud rElec}
   (You took it off a Cloud Mage in a wizard's laboratory)

   It insulates you from electricity.
Jewellery
 e - the amulet of Arrival {Faith rPois Dex+4}
   (You took it off a rakshasa on level 1 of the Depths)

   [amulet of faith]

   It allows you to gain divine favour quickly.
   It affects your dexterity (+4).
   It protects you from poison.
 q - the ring of Moodiness (left hand) {rPois SInv}
   (You found it on level 5 of the Pits of Slime)

   [ring of poison resistance]

   It protects you from poison.
   It lets you see invisible.
 r - the ring of Propriety {rN+ rCorr}
   (You found it on level 5 of the Pits of Slime)

   [ring of resist corrosion]

   It protects you from negative energy.
   It provides partial protection from all sources of acid and corrosion.
 B - the ring "Sauss" (right hand) {Wiz rF+ rN+ Str+3}
   (You bought it in a shop on level 4 of the Vaults)

   [ring of wizardry]

   It improves your spell success rate.
   It affects your strength (+3).
   It protects you from fire.
   It protects you from negative energy.
 J - the ring "Poj Beuz" {rF+ rC+}
   (You took it off a deep elf demonologist on level 3 of the Elven Halls)

   [ring of protection from cold]

   It protects you from fire.
   It protects you from cold.
 K - the ring of Veycwa Canto {rN+ Int+6}
   (You took it off a tengu reaver on level 5 of the Vaults)

   [ring of intelligence]

   It affects your intelligence (+6).
   It protects you from negative energy.
 S - a +6 ring of intelligence
 U - the ring of the Well-Known Xalams {rPois rC+ Will+ Int+2}
   (You found it on level 2 of the Realm of Zot)

   [ring of poison resistance]

   It affects your intelligence (+2).
   It protects you from cold.
   It protects you from poison.
   It affects your willpower, your defense against some magical effects.
 Y - the amulet "Keuplo" (around neck) {RegenMP Dex+3}
   (You acquired it on level 5 of the Lair of Beasts)

   [amulet of magic regeneration]

   It increases your magic regeneration.
   It affects your dexterity (+3).
Wands
 i - a wand of mindburst (67)
 w - a wand of digging (25)
 y - a wand of acid (40)
 M - a wand of iceblast (41)
Scrolls
 a - 6 scrolls of amnesia
 d - 2 scrolls of silence
 f - 9 scrolls of immolation
 g - 9 scrolls of teleportation
 n - 12 scrolls of enchant weapon
 p - 60 scrolls of identify
 N - 8 scrolls of fog
 P - 7 scrolls of fear
 T - 2 scrolls of blinking
 V - 10 scrolls of magic mapping
 X - 12 scrolls of enchant armour
Potions
 c - 9 potions of mutation
 h - a potion of brilliance
 j - 10 potions of haste
 k - 8 potions of ambrosia
 l - 2 potions of resistance
 m - 2 potions of magic
 u - 9 potions of flight
 x - 17 potions of curing
 C - 12 potions of lignification
 G - 16 potions of might
 L - 5 potions of cancellation
Miscellaneous
 o - a tin of tremorstones (2/2)
 R - a condenser vane


   Skills:
 - Level 10.0 Fighting
 - Level 5.0 Staves
 - Level 6.0 Armour
 - Level 7.8 Dodging
 - Level 1.7 Stealth
 - Level 15.0 Shields
 - Level 15.0 Spellcasting
 - Level 23.0 Conjurations
 - Level 8.0 Hexes
 + Level 11.9 Necromancy
 * Level 14.6 Transmutations
 - Level 23.0 Fire Magic
 - Level 15.6 Earth Magic
 - Level 8.0 Evocations


You had 2 spell levels left.
You knew the following spells:

 Your Spells              Type           Power      Damage    Failure   Level
a - Iron Shot             Conj/Erth      58%        9d11      1%          6
b - Blink                 Tloc           N/A        N/A       1%          2
c - Absolute Zero         Ice            16%        ∞         100%        9
d - Necromutation         Tmut/Necr      49%        N/A       11%         8
e - Statue Form           Tmut/Erth      70%        N/A       1%          6
g - Searing Ray           Conj           100%       3d7       0%          2
h - Swiftness             Air            33%        N/A       1%          2
q - Sublimation of Blood  Necr           47%        N/A       0%          2
x - Ignition              Fire           62%        3d17      1%          8
z - Fire Storm            Conj/Fire      62%        8d16      2%          9

Your spell library contained the following spells:

 Spells                   Type           Power      Damage    Failure   Level
 Animate Skeleton         Necr           100%       N/A       0%          1
 Foxfire                  Conj/Fire      100%       2x1d9     0%          1
 Magic Dart               Conj           100%       1d8       0%          1
 Pain                     Necr           100%       1d9       0%          1
 Sandblast                Erth           100%       2d20      0%          1
 Shock                    Conj/Air       100%       1d9       0%          1
 Passwall                 Tmut/Erth      87%        N/A       0%          2
 Apportation              Tloc           66%        N/A       1%          1
 Corona                   Hex            88%        N/A       1%          1
 Sting                    Tmut/Pois      100%       1d8       1%          1
 Summon Small Mammal      Summ           100%       N/A       1%          1
 Call Imp                 Summ           33%        N/A       1%          2
 Corpse Rot               Necr/Air       N/A        N/A       1%          2
 Ensorcelled Hibernation  Hex/Ice        100%       N/A       1%          2
 Poisonous Vapours        Pois/Air       66%        N/A       1%          2
 Slow                     Hex            80%        N/A       1%          2
 Conjure Flame            Conj/Fire      100%       6-21      0%          3
 Dazzling Flash           Conj/Hex       100%       N/A       0%          3
 Ignite Poison            Fire/Tmut/Pois 97%        N/A       0%          3
 Inner Flame              Hex/Fire       100%       N/A       0%          3
 Static Discharge         Conj/Air       94%        N/A       0%          3
 Stone Arrow              Conj/Erth      100%       3d13      0%          3
 Vampiric Draining        Necr           47%        2d12      0%          3
 Fulminant Prism          Conj/Hex       53%        3d23      0%          4
 Petrify                  Tmut/Erth      100%       N/A       0%          4
 Sticky Flame             Conj/Fire      100%       2d11      0%          4
 Bolt of Magma            Conj/Fire/Erth 59%        4d23      0%          5
 Fireball                 Conj/Fire      62%        3d24      0%          5
 Irradiate                Conj/Tmut      57%        3d32      0%          5
 Iskenderun's Battlesphe  Conj           100%       2d15      0%          5
 Starburst                Conj/Fire      62%        8x6d16    0%          6
 Lesser Beckoning         Tloc           16%        N/A       1%          3
 Mephitic Cloud           Conj/Pois/Air  79%        N/A       1%          3
 Ozocubu's Armour         Ice            33%        N/A       1%          3
 Portal Projectile        Hex/Tloc       100%       N/A       1%          3
 Tukima's Dance           Hex            80%        N/A       1%          3
 Animate Dead             Necr           47%        N/A       1%          4
 Cause Fear               Hex            40%        N/A       1%          4
 Dispel Undead            Necr           95%        3d30      1%          4
 Hailstorm                Conj/Ice       94%        3d19      1%          4
 Ice Form                 Ice/Tmut       77%        N/A       1%          4
 Iskenderun's Mystic Bla  Conj/Tloc      94%        2d18      1%          4
 Leda's Liquefaction      Hex/Erth       47%        N/A       1%          4
 Agony                    Necr           95%        N/A       1%          5
 Alistair's Intoxication  Tmut/Pois      51%        N/A       1%          5
 Blade Hands              Tmut           52%        N/A       1%          5
 Excruciating Wounds      Necr           47%        N/A       1%          5
 Lightning Bolt           Conj/Air       47%        1d67      1%          5
 Metabolic Englaciation   Hex/Ice        31%        N/A       1%          5
 Silence                  Hex/Air        31%        N/A       1%          5
 Yara's Violent Unravell  Hex/Tmut       46%        3d18      1%          5
 Hydra Form               Tmut           52%        N/A       1%          6
 Invisibility             Hex            80%        N/A       1%          6
 Dragon Form              Tmut           52%        N/A       1%          7
 Orb of Destruction       Conj           62%        9d17      1%          7
 Lehudib's Crystal Spear  Conj/Erth      58%        10d13     1%          8
 Eringya's Noxious Bog    Tmut/Pois      38%        N/A       2%          6
 Freezing Cloud           Conj/Ice/Air   39%        6-21      2%          6
 Spellforged Servitor     Conj/Summ      47%        N/A       2%          7
 Airstrike                Air            16%        N/A       3%          4
 Simulacrum               Ice/Necr       35%        N/A       4%          6
 Summon Forest            Summ/Tloc      16%        N/A       10%         5
 Borgnjor's Revivificati  Necr           47%        N/A       17%         8
 Infestation              Necr           47%        N/A       17%         8
 Chain Lightning          Conj/Air       47%        N/A       21%         8
 Shadow Creatures         Summ           N/A        N/A       45%         6
 Shatter                  Erth           53%        3d40*     50%         9
 Discord                  Hex            40%        N/A       61%         8
 Death's Door             Necr           47%        N/A       93%         9
 Ozocubu's Refrigeration  Ice            16%        4d8       95%         7
 Summon Hydra             Summ           16%        N/A       95%         7
 Tornado                  Air            16%        N/A       100%        9


Dungeon Overview and Level Annotations

Branches:
Dungeon (15/15)            Temple (0/1) D:6            Lair (6/6) D:9
  Swamp (4/4) Lair:4       Spider (4/4) Lair:3        Slime (5/5) Lair:5
    Orc (2/2) D:9             Elf (3/3) Orc:2        Vaults (5/5) D:14
  Crypt (3/3) Vaults:2       Tomb (0/3) Crypt:3      Depths (5/5) D:15
    Zot (5/5) Depths:5     Bailey (visited)           IceCv (visited)
Volcano (visited)          WizLab (visited)

Shops:
D:5 *   D:8 *   D:14 (   Orc:1 *   Orc:2 *([:   Elf:2 (   Elf:3 :(?
Vaults:1 [   Vaults:4 =[   Vaults:5 *=   Depths:1 =::   Depths:5 :(?

Portals:
Hell: Depths:1 Depths:2 Depths:3 Depths:4 Depths:5
Abyss: Depths:1 Depths:2 Depths:4 Depths:5
Pandemonium: Depths:1 Depths:2 Depths:3
Ziggurat: Depths:2
Trove: Elf:3 (give 10 potions of heal wounds)

Annotations:
D:3 1 runed translucent door, Crazy Yiuf
D:13 3 runed translucent doors, melvinkitnick's ghost, journeyman DjEE
Spider:1 3 runed translucent doors, tilp's ghost, adept OpTm; zikan's ghost, adept HOFi
Crypt:2 1 runed translucent door, Vikohomu's ghost, veteran VSSu
Crypt:3 2 transporters, Docw's ghost, legendary DETm; Konwih's ghost, veteran FoFi
Depths:5 3 runed translucent doors, t4s4d4r's ghost, adept DgTm
Zot:1 2 transporters, Roxtikhle's ghost, legendary OgGl


Innate Abilities, Weirdness & Mutations

Your attributes grow dramatically as you level up.
You have an increased reservoir of magic. (+10% MP)
You shall have no god before yourself.
You have sharp fingernails.
You have a pair of small horns on your head.
You are partially covered in large bone plates. (SH +4)
You are clumsy. (Dex -2)
You are dopey. (Int -2)
You are strong-willed. (Will+)
You are occasionally teleported next to monsters.


Message History

Your fire vortex dissipates!
The bolt of acid hits you.
* * * LOW HITPOINT WARNING * * *
The acid corrodes you!
You are splashed with acid!
* * * LOW HITPOINT WARNING * * *
The Orb Guardian is engulfed in blazing flames.
The quicksilver dragon is engulfed in blazing flames.
Unknown command.
Unknown command.
Unknown command.
Casting: Fire Storm (dangerous; 2% risk of failure)
Confirm with . or Enter, or press ? or * to list all spells.
Aiming: Fire Storm (dangerous; 2% risk of failure)
Press: ? - help, Dir - move target, f/p - ancient lich
Aim: an ancient lich (flame, heavily damaged, fast)
A raging storm of fire appears!
The great blast of fire engulfs the ancient lich!!!
The ancient lich partially resists.
The ancient lich is almost destroyed.
The great blast of fire engulfs the quicksilver dragon!!!
The quicksilver dragon is heavily wounded.
The great blast of fire engulfs the Orb Guardian!!!!
You feel better.
You kill the Orb Guardian!
* * * LOW HITPOINT WARNING * * *
The quicksilver dragon is engulfed in blazing flames.
The ancient lich is engulfed in blazing flames.
You destroy the ancient lich!
Unknown command.
Unknown command.
Unknown command.
Unknown command.
Unknown command.
The quicksilver dragon is engulfed in blazing flames.
You can drink potions again.
The quicksilver dragon is engulfed in blazing flames.
The quicksilver dragon breathes dispelling energy at you.
The bolt of dispelling energy hits you!!
Your magical effects are unravelling.
You die...

..............# ##^).......
..................# #....^....
........^..........# ##.......).
.............^.....# #..........
........[.v........# ##..........
.............^.....###...........
........°°°°......###...#########
#.....^.v○°°.....##)...##
#.^....°○D...).@...)###
▓▓.....##▓▓▓▓▓▓▓▓▓▓▓#
▓...........DL..▓▓▓▓
▓...............L..§▓
............/.........#
...^...................#
.^..^..................▓
..................X....▓
▓...^.............X...^▓


You could see a quicksilver dragon (catching breath) and a friendly fire vortex.

Vanquished Creatures
  the Royal Jelly (Slime:5)
  3 ancient liches (Zot:5)
  6 dread liches
  4 orbs of fire
  Mennas (Vaults:4)
  4 Killer Klowns (Zot:5)
  Margery (Vaults:4)
  A curse toe (Zot:4)
  9 golden dragons
  An electric golem (Zot:5)
  3 bone dragons
  A Cloud Mage (WizLab)
  15 tentacled monstrosities
  3 hellephants (Depths:2)
  2 deep elf blademasters (Elf:3)
  7 titans
  Rupert (Lair:4)
  2 shard shrike skeletons
  10 Orb Guardians (Zot:5)
  8 quicksilver dragons
  8 liches
  12 acid blobs
  A deep elf master archer (Elf:3)
  Gastronok (Lair:3)
  3 sphinxes
  8 ancient champions
  3 tengu reavers
  5 death cobs
  8 shadow dragons
  4 revenants
  Donald (Vaults:4)
  6 draconian monks
  14 rockslimes
  13 azure jellies
  11 storm dragons
  6 deep elf sorcerers
  13 frost giants
  2 iron dragons
  2 orc warlords
  9 fire giants
  2 draconian knights
  A cacodemon (Depths:2)
  3 balrugs
  A curse skull (Crypt:3)
  5 ghouls (Crypt:2)
  23 vault wardens
  Louise (Elf:3)
  7 ghost moths
  4 draconian shifters
  3 emperor scorpions
  4 draconian scorchers
  9 draconian annihilators
  7 deep elf elementalists (Elf:3)
  10 quicksilver oozes
  45 very ugly things
  2 spriggan defenders (Depths:3)
  6 draconian stormcallers
  16 stone giants
  24 ironbound preservers
  A war gargoyle (Vaults:5)
  6 vampire knights
  6 dire elephants
  5 entropy weavers
  22 green draconians
  4 deep elf demonologists
  Azrael (D:13)
  12 black draconians
  10 purple draconians
  3 bunyips
  9 deep elf annihilators
  3 spark wasps
  11 white draconians
  9 red draconians
  7 yellow draconians
  7 eidola
  7 eleionomae
  6 deep elf death magi
  7 ettins
  8 blizzard demons
  2 shambling mangroves (Swamp:2)
  23 jiangshi
  A mummy priest (Crypt:3)
  13 fire dragons
  Josephine (D:11)
  13 yaktaur captains
  A fenstrider witch zombie (Crypt:3)
  3 ironbound thunderhulks
  18 great orbs of eyes
  33 vault guards
  5 rakshasas
  8 deep elf high priests
  Fannar (D:10)
  A peacekeeper (Vaults:4)
  A boulder beetle (shapeshifter) (D:13)
  23 hydras
  Erolcha (D:11)
  9 boulder beetles
  2 ogre magi (Vaults:5)
  9 ice dragons
  A catoblepas (Lair:6)
  11 ironbound frosthearts
  9 ghost crabs
  A hell beast (Depths:3)
  5 spriggan air magi
  7 alligators
  25 dancing weapons
  Erica (D:10)
  11 centaur warriors
  8 tengu warriors
  5 death knights
  10 deep troll shamans
  16 two-headed ogres
  10 vampire magi
  3 death yaks (Lair:6)
  Urug (D:10)
  19 deep troll earth magi
  4 orc high priests
  2 hell hogs
  8 spriggan berserkers
  11 ironbound beastmasters
  A shock serpent (WizLab)
  25 hell knights
  16 deep elf knights
  8 spriggans
  A sun demon (Depths:2)
  Sonja (Lair:4)
  3 soul eaters
  17 skeletal warriors
  A bunyip zombie (Crypt:1)
  4 shadow wraiths
  3 goliath frogs
  11 iron trolls
  2 spriggan druids
  5 flayed ghosts
  11 bog bodies
  8 death drakes
  12 phantasmal warriors
  7 swamp dragons
  10 deep elf archers
  85 deep trolls
  5 glowing orange brains
  8 wizards
  4 spectral hydras (Swamp:4)
  5 harpies (Vaults:3)
  12 orb spiders
  22 ironbound convokers
  9 orc knights
  19 lindwurms
  32 deep elf pyromancers
  3 orc sorcerers (Orc:2)
  51 ugly things
  27 deep elf zephyrmancers
  19 wolf spiders
  A salamander (Depths:2)
  7 necromancers
  A cyclops (D:13)
  4 manticores
  5 will-o-the-wisps
  23 moths of wrath
  2 oklob plants
  Maurice (D:11)
  2 shining eyes (Slime:5)
  12 elephants
  A rust devil (Depths:2)
  7 black mambas
  An ice statue (IceCv)
  Joseph (D:10)
  2 smoke demons (Depths:2)
  2 gargoyles
  3 eyes of devastation
  A molten gargoyle (Volcano)
  3 torpor snails
  An elephant slug zombie (Crypt:1)
  2 orange demons
  9 cane toads
  3 large abominations (Depths:5)
  7 komodo dragons
  2 apocalypse crabs (WizLab)
  11 vault sentinels
  2 kobold demonologists
  3 unseen horrors
  12 freezing wraiths
  2 swamp worm zombies (Swamp:4)
  3 rime drakes (Lair:6)
  3 hellions (Depths:2)
  36 yaktaurs
  11 demonic crawlers
  A death yak skeleton (Crypt:2)
  6 ice devils (IceCv)
  8 anaconda simulacra (IceCv)
  A green draconian skeleton (Crypt:2)
  A purple draconian skeleton (Crypt:3)
  3 tengu conjurers
  A golden dragon simulacrum (IceCv)
  4 hydra zombies
  29 jumping spiders
  6 guardian mummies (Crypt:3)
  A merfolk (shapeshifter) (Vaults:5)
  2 red devils
  10 trolls
  A pale draconian skeleton (Crypt:1)
  7 bloated husks
  2 polar bears
  A wind drake (WizLab)
  97 slime creatures
  A meliai (shapeshifter) (D:13)
  16 hornets
  33 blink frogs
  2 spectral swamp dragons (Swamp:4)
  Grinder (D:3)
  A fire dragon zombie (Crypt:2)
  5 alligator zombies (Swamp:4)
  12 tyrant leeches
  2 dream sheep (shapeshifter)
  9 dream sheep
  12 air elementals
  An iron dragon simulacrum (Crypt:1)
  4 centaur simulacra
  59 redbacks
  A flying skull (Vaults:2)
  20 tarantellas
  A redback (shapeshifter) (Vaults:5)
  An ice dragon skeleton (Crypt:3)
  11 wraiths
  12 water elementals
  A shadow (D:11)
  53 yaks
  4 wyverns
  4 steam dragons
  5 basilisks
  5 golden eyes
  Menkaure (D:6)
  6 fire elementals
  28 vampire mosquitoes
  A death yak simulacrum (IceCv)
  A neqoxec (Depths:1)
  7 chaos spawn
  A warg (shapeshifter) (Depths:1)
  2 harpy simulacra (IceCv)
  3 wargs
  An acid dragon (D:10)
  17 swamp worms
  19 water moccasins
  2 hydra simulacra (IceCv)
  3 iron troll simulacra (IceCv)
  A floating eye (Depths:1)
  5 hell hounds (D:13)
  Duvessa (D:6)
  36 orc warriors
  A water nymph skeleton (Crypt:3)
  3 black bears
  3 sky beasts
  4 swamp dragon zombies (Swamp:4)
  4 swamp drakes
  2 ice beasts (D:6)
  3 ettin simulacra (IceCv)
  2 manticore zombies (Crypt:1)
  5 necrophages
  9 ogres
  A boggart (Vaults:4)
  12 wolves
  A hog zombie (Crypt:3)
  7 centaurs
  A lindwurm skeleton (Crypt:3)
  5 phantoms
  3 kobold brigands
  10 bullfrogs
  5 earth elementals
  A gnoll sergeant (D:11)
  2 wyvern zombies (D:6)
  A wyvern skeleton (D:6)
  3 scorpions
  Dowan (D:6)
  A warg skeleton (Crypt:1)
  9 killer bees
  11 wights
  5 howler monkeys
  4 small abominations (Depths:5)
  7 electric eels
  4 bullfrog zombies
  5 centaur zombies
  2 draconian simulacra (IceCv)
  2 jellies (D:6)
  10 hounds
  7 orc priests
  A gnoll shaman (D:6)
  3 bullfrog skeletons
  A centaur skeleton (D:4)
  Natasha (thrice) (D:3)
  6 iguanas
  Ijyb (D:3)
  16 orc wizards
  A spectral swamp drake (Swamp:4)
  7 hell rats (Lair:2)
  2 troll simulacra (IceCv)
  2 spriggan simulacra (IceCv)
  A killer bee zombie (D:7)
  A deep dwarf zombie (Crypt:1)
  An ogre zombie (Crypt:2)
  A tengu skeleton (Crypt:2)
  2 hound skeletons (D:5)
  Robin (D:2)
  A howler monkey skeleton (Crypt:2)
  9 adders
  12 gnolls
  3 naga simulacra (IceCv)
  2 ogre simulacra (IceCv)
  11 white imps
  5 ufetubi
  An adder zombie (D:5)
  A lava snake skeleton (Crypt:2)
  3 dart slugs
  44 orcs
  6 endoplasms
  5 giant cockroaches
  7 hobgoblins
  11 jackals
  3 quokkas
  A river rat zombie (Crypt:1)
  6 ball pythons
  6 bats
  A dart slug zombie (Crypt:2)
  3 frilled lizards
  11 goblins
  A jackal zombie (Crypt:2)
  20 kobolds
  A kobold skeleton (Crypt:2)
  7 rats
  A river rat skeleton (Crypt:3)
  A fulminant prism (D:12)
2480 creatures vanquished.

Vanquished Creatures (collateral kills)
  A golden dragon (Zot:3)
  2 tentacled monstrosities
  Jorgrun (Elf:1)
  An Orb Guardian (Zot:5)
  2 acid blobs
  An ancient champion (Crypt:1)
  An azure jelly (Slime:1)
  A draconian scorcher (Zot:5)
  A black draconian (Zot:4)
  A yellow draconian (Zot:3)
  A red draconian (Zot:4)
  3 white draconians
  A deep elf knight (Elf:1)
  An anaconda simulacrum (Crypt:1)
  A slime creature (Slime:3)
  A wraith (Crypt:1)
  A red draconian simulacrum (Crypt:1)
  A faun skeleton (Crypt:1)
22 creatures vanquished.

Vanquished Creatures (others)
  A ghost moth (Zot:2)
  A hydra (Swamp:4)
  A shock serpent (WizLab)
  A spectral hydra (Swamp:4)
  An apocalypse crab (WizLab)
  A bloated husk (Swamp:4)
  311 fire vortices
  25 foxfires
  267 fulminant prisms
  104 fungi
  109 plants
  8 withered plants
830 creatures vanquished.

Grand Total: 3332 creatures vanquished

Notes
Turn   | Place    | Note
-------+----------+-------------------------------------------
     0 | D:1      | Hasart the Demigod Conjurer began the quest for the Orb.
     0 | D:1      | Reached XP level 1. HP: 14/14 MP: 5/5
   281 | D:1      | Reached XP level 2. HP: 17/20 MP: 0/7
  1134 | D:2      | Reached XP level 3. HP: 20/26 MP: 3/9
  1137 | D:2      | Learned a level 2 spell: Searing Ray
  1466 | D:2      | Noticed Robin
  1470 | D:2      | Killed Robin
  1753 | D:2      | Reached XP level 4. HP: 33/33 MP: 5/10
  2314 | D:3      | Noticed Natasha
  2316 | D:3      | Killed Natasha
  2317 | D:3      | Reached skill level 5 in Conjurations
  2365 | D:3      | Noticed Natasha
  2369 | D:3      | Killed Natasha
  2370 | D:3      | Reached skill level 1 in Evocations
  2372 | D:3      | Reached XP level 5. HP: 30/38 MP: 3/12
  2748 | D:3      | Learned a level 4 spell: Fulminant Prism
  2898 | D:3      | Noticed Natasha
  2903 | D:3      | Killed Natasha
  2955 | D:3      | Noticed Grinder
  2960 | D:3      | Killed Grinder
  2961 | D:3      | Reached skill level 1 in Hexes
  2961 | D:3      | Reached XP level 6. HP: 42/45 MP: 9/14
  3281 | D:3      | Noticed Ijyb
  3290 | D:3      | Killed Ijyb
  3685 | D:3      | Found a runed translucent door.
  3686 | D:3      | Noticed Crazy Yiuf
  4414 | D:4      | Noticed a steam dragon
  4421 | D:4      | Killed a steam dragon
  4422 | D:4      | Reached XP level 7. HP: 18/50 MP: 6/15
  4880 | D:4      | Learned a level 3 spell: Dazzling Flash
  5325 | D:5      | Entered Level 5 of the Dungeon
  5712 | D:5      | Found Jusow's Assorted Antiques.
  6434 | D:5      | Reached XP level 8. HP: 51/57 MP: 10/17
  6821 | D:6      | Noticed a kobold demonologist
  6828 | D:6      | Killed a kobold demonologist
  7040 | D:6      | Reached skill level 5 in Spellcasting
  7125 | D:6      | Reached XP level 9. HP: 52/62 MP: 5/20
  7486 | D:6      | Found a staircase to the Ecumenical Temple.
  7508 | D:6      | Reached skill level 1 in Fighting
  7717 | D:6      | Reached skill level 5 in Evocations
  7835 | D:6      | Noticed Menkaure
  7840 | D:6      | Killed Menkaure
  7970 | D:6      | Noticed Duvessa
  7970 | D:6      | Noticed Dowan
  7974 | D:6      | Killed Dowan
  7975 | D:6      | Killed Duvessa
  8043 | D:6      | Reached skill level 5 in Hexes
  9168 | D:8      | Found Porhi's Hallowed Reliquary.
  9168 | D:8      | Noticed an angel
  9173 | D:8      | Noticed an unseen horror
  9178 | D:8      | Killed an unseen horror
  9184 | D:8      | Bought a potion of heal wounds for 65 gold pieces
  9246 | D:5      | Bought a scroll labelled ELIMEGH JAOVOS for 31 gold pieces
  9246 | D:5      | Bought a scroll labelled NUWUSU ADIE for 31 gold pieces
  9521 | D:8      | Reached XP level 10. HP: 61/74 MP: 14/22
  9668 | D:8      | Reached skill level 1 in Shields
 10111 | D:9      | Found a flagged portal.
 10120 | Bailey   | Entered a bailey
 10120 | Bailey   | Noticed an orc knight
 10120 | Bailey   | Noticed an orc knight
 10139 | Bailey   | Noticed an orc knight
 10145 | Bailey   | Killed an orc knight
 10146 | Bailey   | Reached skill level 10 in Conjurations
 10905 | D:9      | Identified the +2 leather armour of Depression {rC+ Dex+2}
 10961 | D:9      | Found a staircase to the Orcish Mines.
 11173 | D:9      | Found a staircase to the Lair.
 11779 | D:10     | Entered Level 10 of the Dungeon
 11789 | D:10     | Noticed Erica
 11797 | D:10     | Killed Erica
 11798 | D:10     | Reached XP level 11. HP: 78/84 MP: 13/24
 12140 | D:10     | Noticed Urug
 12144 | D:10     | Noticed Fannar
 12148 | D:10     | Killed Urug
 12152 | D:10     | Noticed Joseph
 12233 | D:10     | Killed Joseph
 12234 | D:10     | Killed Fannar
 12235 | D:10     | Reached skill level 5 in Dodging
 12726 | D:10     | Noticed a two-headed ogre
 12741 | D:10     | Killed a two-headed ogre
 12927 | D:11     | Noticed a boulder beetle
 12957 | D:11     | Killed a boulder beetle
 13189 | Orc:1    | Entered Level 1 of the Orcish Mines
 13414 | Orc:1    | Noticed an orc knight
 13425 | Orc:1    | Killed an orc knight
 13426 | Orc:1    | Reached skill level 5 in Fighting
 13619 | Orc:1    | Found Veaxunuf's Assorted Antiques.
 13804 | Orc:1    | Noticed an orc high priest
 13829 | Orc:1    | Killed an orc high priest
 14050 | Orc:1    | Bought a scroll labelled NESUNO IDDUETOH for 31 gold pieces
 14050 | Orc:1    | Bought a scroll labelled NESUNO IDDUETOH for 31 gold pieces
 14217 | Orc:2    | Entered Level 2 of the Orcish Mines
 14220 | Orc:2    | Found a staircase to the Elven Halls.
 14262 | Orc:2    | Noticed an orc high priest
 14269 | Orc:2    | Killed an orc high priest
 14407 | Orc:2    | Reached XP level 12. HP: 83/94 MP: 13/27
 14705 | Orc:2    | Reached skill level 5 in Shields
 14968 | Orc:1    | Reached skill level 1 in Staves
 15153 | Orc:2    | Found Boitox's General Store.
 15209 | Orc:2    | Found Tethrow's Antique Weapon Boutique.
 15250 | Orc:2    | Found Dokheo's Antique Armour Shoppe.
 15251 | Orc:2    | Noticed an orc warlord
 15279 | Orc:2    | Killed an orc warlord
 16554 | Orc:2    | Found Qunoel's Book Shoppe.
 16562 | Orc:2    | Bought a book of the Tempests for 1190 gold pieces
 16987 | Orc:2    | Learned a level 4 spell: Sticky Flame
 17051 | Lair:1   | Entered Level 1 of the Lair of Beasts
 17130 | D:9      | Reached skill level 1 in Fire Magic
 17305 | D:11     | Reached skill level 1 in Armour
 17761 | D:11     | Noticed Maurice
 17767 | D:11     | Killed Maurice
 18037 | D:11     | Noticed Josephine
 18049 | D:11     | Killed Josephine
 18055 | D:11     | Noticed Erolcha
 18067 | D:11     | Killed Erolcha
 18068 | D:11     | Reached XP level 13. HP: 104/104 MP: 2/29
 18894 | D:12     | Found a gate leading to a gauntlet.
 20044 | Lair:1   | Learned a level 5 spell: Fireball
 20520 | Lair:2   | Reached skill level 5 in Fire Magic
 21219 | Lair:3   | Found a hole to the Spider Nest.
 21910 | Lair:3   | Reached skill level 5 in Staves
 22356 | Lair:3   | Noticed Gastronok
 22374 | Lair:3   | Killed Gastronok
 22867 | Lair:4   | Found a dark tunnel.
 22885 | Volcano  | Entered a volcano
 23566 | Lair:4   | Noticed Rupert
 23729 | Orc:2    | Bought a book of Minor Magic for 340 gold pieces
 23732 | Orc:2    | Learned a level 2 spell: Blink
 23851 | D:11     | Reached skill level 5 in Armour
 25089 | D:12     | Reached XP level 14. HP: 113/113 MP: 16/32
 25610 | D:13     | Found a runed translucent gate.
 25610 | D:13     | Found a runed translucent gate.
 25610 | D:13     | Found a runed translucent gate.
 25612 | D:13     | Noticed melvinkitnick's ghost (journeyman DjEE)
 25612 | D:13     | Noticed a frost giant
 26333 | D:13     | Noticed Azrael
 26342 | D:13     | Killed Azrael
 27701 | D:14     | Reached skill level 10 in Spellcasting
 27994 | D:14     | Found a gate to the Vaults.
 28109 | D:14     | Found Zyesozen's Weapon Emporium.
 29161 | D:15     | Entered Level 15 of the Dungeon
 29211 | D:15     | Reached skill level 10 in Fire Magic
 29970 | D:15     | Paralysed by a great orb of eyes for 7 turns
 31109 | D:15     | Found a staircase to the Depths.
 31826 | Lair:4   | Noticed Sonja
 31827 | Lair:4   | Killed Sonja
 32096 | Lair:5   | Identified a scroll of acquirement
 32096 | Lair:5   | Acquired the amulet "Keuplo" {RegenMP Dex+3}
 32404 | Lair:5   | Reached XP level 15. HP: 118/118 MP: 22/33
 32783 | Lair:5   | Found a staircase to the Slime Pits.
 33277 | Lair:6   | Entered Level 6 of the Lair of Beasts
 33616 | Lair:4   | Found a staircase to the Swamp.
 35486 | Lair:6   | Learned a level 8 spell: Ignition
 36766 | Elf:1    | Entered Level 1 of the Elven Halls
 37002 | Elf:1    | Reached skill level 10 in Shields
 37193 | Elf:1    | Noticed Jorgrun
 37224 | Elf:1    | Killed Jorgrun
 37654 | Elf:1    | Reached XP level 16. HP: 106/126 MP: 16/35
 37785 | Elf:1    | Identified the Incunabulum of the Ageless Songs
 38981 | Elf:2    | Found Bomish's Weapon Emporium.
 39062 | Elf:2    | Identified the +10 battleaxe "Nirphok" {holy, Str+3}
 39068 | Elf:2    | Reached skill level 15 in Fire Magic
 39089 | Elf:2    | Found a huge runed translucent gate.
 39089 | Elf:2    | Found a huge runed translucent gate.
 39093 | Elf:2    | Found a huge runed translucent gate.
 39094 | Elf:2    | Found a huge runed translucent gate.
 39095 | Elf:2    | Found a huge runed translucent gate.
 40143 | Elf:3    | Entered Level 3 of the Elven Halls
 40662 | Elf:3    | Found a portal to a secret trove of treasure.
 40801 | Elf:3    | Found Taumol Doebb's Book Shoppe.
 41185 | Elf:3    | Found Peun's Magic Scroll Emporium.
 41193 | Elf:3    | Bought a scroll of blinking for 120 gold pieces
 41193 | Elf:3    | Bought a scroll of teleportation for 48 gold pieces
 41455 | Elf:3    | Noticed a deep elf blademaster
 41455 | Elf:3    | Identified the +6 short sword "Cyxt" {speed, Str+6 Dex-4}
 41455 | Elf:3    | Noticed a deep elf master archer
 41456 | Elf:3    | Reached XP level 17. HP: 113/132 MP: 20/36
 41458 | Elf:3    | Killed a deep elf blademaster
 41760 | Elf:3    | Found Izarywut's Antique Weapon Boutique.
 41805 | Elf:3    | Identified the ring "Poj Beuz" {rF+ rC+}
 41817 | Elf:3    | Noticed a deep elf blademaster
 41835 | Elf:3    | Killed a deep elf blademaster
 42126 | Elf:3    | Noticed Louise
 42306 | Elf:3    | Killed Louise
 42575 | Elf:3    | Identified Sif Muna's Papyrus of Ashen Moulding
 42664 | Elf:3    | Bought a book of Death for 910 gold pieces
 42668 | Elf:3    | Learned a level 2 spell: Sublimation of Blood
 42987 | Swamp:1  | Entered Level 1 of the Swamp
 43110 | Spider:1 | Entered Level 1 of the Spider Nest
 43153 | Spider:1 | Reached skill level 1 in Necromancy
 43216 | Spider:1 | Found a frozen archway.
 43225 | IceCv    | Entered an ice cave
 43955 | Spider:1 | Found a runed translucent gate.
 43955 | Spider:1 | Found a runed translucent gate.
 43972 | Spider:1 | Found a runed translucent gate.
 43972 | Spider:1 | Noticed tilp's ghost (adept OpTm)
 43974 | Spider:1 | Noticed zikan's ghost (adept HOFi)
 46190 | Spider:2 | Learned a level 6 spell: Iron Shot
 46647 | Swamp:1  | Reached skill level 1 in Earth Magic
 47327 | Swamp:2  | Reached XP level 18. HP: 130/139 MP: 6/37
 48962 | Swamp:3  | Noticed a tentacled monstrosity
 48969 | Swamp:3  | Killed a tentacled monstrosity
 48970 | Swamp:3  | Reached skill level 5 in Necromancy
 49191 | Swamp:4  | Entered Level 4 of the Swamp
 49922 | Swamp:4  | Reached skill level 5 in Earth Magic
 51092 | Swamp:4  | Noticed a bone dragon
 51106 | Swamp:4  | Killed a bone dragon
 51287 | Swamp:4  | Got a decaying rune of Zot
 51438 | Lair:4   | Killed Rupert
 52422 | Spider:4 | Entered Level 4 of the Spider Nest
 53651 | Spider:4 | HP: 7/141 [ghost moth (1)]
 54708 | Spider:4 | Got a gossamer rune of Zot
 55087 | Depths:1 | Entered Level 1 of the Depths
 55325 | Vaults:1 | Entered Level 1 of the Vaults
 55503 | Vaults:1 | Reached XP level 19. HP: 133/148 MP: 8/39
 57237 | Vaults:1 | Found Xiebick's Antique Armour Emporium.
 57240 | Vaults:1 | Bought a runed kite shield for 232 gold pieces
 57240 | Vaults:1 | Bought a faintly glowing plate armour for 868 gold pieces
 57240 | Vaults:1 | Identified the +3 plate armour "Coxuduomp" {rF+} (You
                  | bought it in a shop on level 1 of the Vaults)
 57240 | Vaults:1 | Bought a warped plate armour for 868 gold pieces
 57240 | Vaults:1 | Identified the +1 plate armour of the Kraken {*Drain +Blink
                  | rN+} (You bought it in a shop on level 1 of the Vaults)
 58669 | Vaults:2 | Found a staircase to the Crypt.
 58748 | Vaults:2 | Reached skill level 10 in Earth Magic
 60250 | Vaults:3 | Reached XP level 20. HP: 160/160 MP: 32/41
 60255 | Vaults:3 | Identified the Compendium of Shifting Creation
 60383 | Vaults:3 | You fall into a shaft and drop 1 floor!
 60383 | Vaults:4 | Found Quinni Esyt's Jewellery Boutique.
 60441 | Vaults:4 | Noticed Margery
 60443 | Vaults:4 | Noticed Mennas
 60717 | Vaults:3 | Reached skill level 10 in Fighting
 61154 | Vaults:3 | Reached skill level 15 in Shields
 62327 | Vaults:4 | Found Sosoej's Antique Armour Shoppe.
 62379 | Vaults:4 | Killed Margery
 63319 | Vaults:4 | Reached XP level 21. HP: 63/168 MP: 13/43
 63356 | Vaults:4 | Noticed Donald
 63370 | Vaults:4 | Killed Donald
 63501 | Vaults:4 | Killed Mennas
 64377 | Vaults:5 | Entered Level 5 of the Vaults
 64382 | Vaults:5 | Noticed a dread lich
 65101 | Depths:1 | Reached skill level 15 in Earth Magic
 65163 | Depths:1 | Identified the amulet of Arrival {Faith rPois Dex+4}
 66112 | Depths:1 | Found Toiloff's Jewellery Shop.
 66112 | Depths:1 | Found Doolax's Book Emporium.
 66113 | Depths:1 | Found Dani's Book Emporium.
 66462 | Depths:1 | Found a one-way gate leading to the halls of Pandemonium.
 66570 | Depths:1 | Found a one-way gate to the infinite horrors of the Abyss.
 66578 | Depths:1 | Learned a level 2 spell: Swiftness
 66638 | Depths:1 | Found a gateway to Hell.
 67016 | Depths:2 | Found a gateway to a ziggurat.
 67074 | Depths:2 | Reached XP level 22. HP: 119/174 MP: 27/45
 67611 | Depths:2 | Found a huge runed gate.
 67611 | Depths:2 | Found a huge runed gate.
 67612 | Depths:2 | Found a huge runed gate.
 67613 | Depths:2 | Found a huge runed gate.
 67614 | Depths:2 | Found a huge runed gate.
 67614 | Depths:2 | Found a huge runed gate.
 67617 | Depths:2 | Found a huge runed gate.
 67628 | Depths:2 | Found a huge runed gate.
 67629 | Depths:2 | Found a huge runed gate.
 67629 | Depths:2 | Found a huge runed gate.
 67629 | Depths:2 | Found a huge runed gate.
 67630 | Depths:2 | Found a huge runed gate.
 67630 | Depths:2 | Found a huge runed gate.
 67632 | Depths:2 | Found a huge runed gate.
 67632 | Depths:2 | Found a huge runed gate.
 67633 | Depths:2 | Found a huge runed gate.
 67634 | Depths:2 | Found a huge runed gate.
 67642 | Depths:2 | Found a huge runed gate.
 67642 | Depths:2 | Found a huge runed gate.
 67642 | Depths:2 | Found a huge runed gate.
 67642 | Depths:2 | Found a huge runed gate.
 67642 | Depths:2 | Found a huge runed gate.
 67642 | Depths:2 | Found a huge runed gate.
 67643 | Depths:2 | Found a huge runed gate.
 67644 | Depths:2 | Found a huge runed gate.
 67645 | Depths:2 | Found a huge runed gate.
 67675 | Depths:2 | Found a huge runed gate.
 67675 | Depths:2 | Found a huge runed gate.
 67675 | Depths:2 | Found a huge runed gate.
 67675 | Depths:2 | Found a huge runed gate.
 67675 | Depths:2 | Found a huge runed gate.
 67675 | Depths:2 | Found a huge runed gate.
 69122 | Depths:2 | Identified the Catalogue of Torrid Ice
 69125 | Depths:2 | Identified the +3 glaive of Koeshrong {flame, rElec rF+
                  | Stlth+}
 71885 | Depths:4 | Reached skill level 15 in Conjurations
 72162 | Depths:4 | You fall into a shaft and drop 1 floor!
 72162 | Depths:5 | Entered Level 5 of the Depths
 72597 | Depths:5 | Reached XP level 23. HP: 68/181 MP: 4/48
 72710 | Depths:5 | HP: 8/174 [shadow dragon/bolt of negative energy (26)]
 72967 | Depths:4 | Reached skill level 15 in Spellcasting
 73519 | Depths:5 | Found a gate to the Realm of Zot.
 74257 | Depths:5 | Found Uzadasu's Magic Scroll Boutique.
 74257 | Depths:5 | Found Cucaweit's Weapon Shop.
 74345 | Depths:5 | Found Sudiguud's Book Boutique.
 74613 | Depths:5 | Found a runed translucent gate.
 74613 | Depths:5 | Found a runed translucent gate.
 74617 | Depths:5 | Noticed t4s4d4r's ghost (adept DgTm)
 74618 | Depths:5 | Found a runed translucent gate.
 75486 | Vaults:5 | Paralysed by a dread lich for 2 turns
 75491 | Vaults:4 | Killed a dread lich
 76202 | Vaults:5 | Found Api Situstyn's Jewellery Emporium.
 77291 | Vaults:5 | Identified the +11 chain mail of Usiwu {Will+ Stlth+}
 77398 | Vaults:5 | Identified the +9 rapier of Equilibrium {pain, Int+2}
 77398 | Vaults:5 | Identified the ring of Veycwa Canto {rN+ Int+6}
 77403 | Vaults:5 | Reached XP level 24. HP: 183/189 MP: 32/48
 78021 | Vaults:5 | Found Henuk's General Store.
 78299 | Vaults:5 | Got a silver rune of Zot
 78871 | Depths:1 | Bought a book of Annihilations for 1876 gold pieces
 79178 | Vaults:4 | Bought the ring "Sauss" {Wiz rF+ rN+ Str+3} for 872 gold
                  | pieces
 79190 | Vaults:4 | Learned a level 9 spell: Fire Storm
 79546 | Zot:1    | Entered Level 1 of the Realm of Zot
 80468 | Zot:1    | Found a transporter.
 80470 | Zot:1    | Noticed a shard shrike
 80470 | Zot:1    | Noticed Roxtikhle's ghost (legendary OgGl)
 80472 | Zot:1    | Noticed a shard shrike
 80484 | Zot:1    | Noticed a shard shrike
 80500 | Zot:1    | Found a transporter.
 81464 | Zot:2    | Found a transporter.
 81499 | Zot:2    | HP: 1/189 [death cob (14)]
 81918 | Zot:2    | Noticed an orb of fire
 81928 | Zot:2    | Gained mutation: You tend to lose your temper in combat.
                  | [an orb of fire]
 81933 | Zot:2    | Killed an orb of fire
 81939 | Zot:2    | Lost mutation: You tend to lose your temper in combat.
                  | [potion of mutation]
 81939 | Zot:2    | Gained mutation: Your spells are a little easier to cast,
                  | but a little less powerful. [potion of mutation]
 81939 | Zot:2    | Gained mutation: You expend magic power (3 MP) to
                  | strengthen your wands. [potion of mutation]
 81940 | Zot:2    | Lost mutation: You expend magic power (3 MP) to strengthen
                  | your wands. [potion of mutation]
 81940 | Zot:2    | Lost mutation: Your spells are a little easier to cast, but
                  | a little less powerful. [potion of mutation]
 81940 | Zot:2    | Gained mutation: You are dopey. (Int -2) [potion of
                  | mutation]
 81940 | Zot:2    | Gained mutation: Your spells are a little harder to cast,
                  | but a little more powerful. [potion of mutation]
 81941 | Zot:2    | Lost mutation: You are dopey. (Int -2) [potion of mutation]
 81941 | Zot:2    | Lost mutation: Your spells are a little harder to cast, but
                  | a little more powerful. [potion of mutation]
 81941 | Zot:2    | Gained mutation: You have sharp fingernails. [potion of
                  | mutation]
 81941 | Zot:2    | Gained mutation: You are partially covered in large bone
                  | plates. (SH +4) [potion of mutation]
 81941 | Zot:2    | Gained mutation: You have a pair of small horns on your
                  | head. [potion of mutation]
 82259 | Zot:2    | Found a transporter.
 84318 | Zot:4    | Reached XP level 25. HP: 147/194 MP: 35/48
 85821 | Zot:5    | Entered Level 5 of the Realm of Zot
 86283 | Slime:1  | Entered Level 1 of the Pits of Slime
 88324 | Slime:5  | Entered Level 5 of the Pits of Slime
 88814 | Slime:5  | Noticed the Royal Jelly
 88817 | Slime:5  | Killed the Royal Jelly
 88817 | Slime:5  | Gained mutation: You are dopey. (Int -2) [a shining eye]
 89455 | Slime:5  | Got a slimy rune of Zot
 89471 | Slime:5  | Identified the ring of Huent {Ice *Corrode +Blink Str+4}
 89479 | Slime:5  | Identified the ring of Moodiness {rPois SInv}
 89500 | Slime:5  | Identified the +1 robe "Giashroi" {Regen+ Int+7}
 89530 | Slime:5  | Identified the ring of Propriety {rN+ rCorr}
 90256 | Crypt:1  | Entered Level 1 of the Crypt
 90560 | Crypt:1  | Reached XP level 26. HP: 202/202 MP: 23/48
 90934 | Crypt:1  | Learned a level 9 spell: Absolute Zero
 90943 | Crypt:1  | Learned a level 8 spell: Necromutation
 91063 | Crypt:1  | Reached skill level 1 in Transmutations
 91574 | Crypt:2  | Found a runed translucent door.
 91574 | Crypt:2  | Noticed Vikohomu's ghost (veteran VSSu)
 91626 | Crypt:2  | Found a magical portal.
 91631 | WizLab   | Entered The Chambers of the Cloud Mage
 92246 | WizLab   | Found the +10 dark maul {vorpal}
 92263 | WizLab   | Acquired a +0 tower shield of reflection
 92287 | WizLab   | Identified the Reference Book on Flight
 92727 | Crypt:2  | Reached skill level 5 in Transmutations
 93555 | Crypt:3  | Entered Level 3 of the Crypt
 93896 | Crypt:3  | Found the +6 Majin-Bo {vamp, MP+6 Int+6}
 94310 | Crypt:3  | Noticed Docw's ghost (legendary DETm)
 94313 | Crypt:3  | Identified the +6 fustibalus "Omelette" {flame, rElec rN+
                  | Int+2 Dex+4}
 94348 | Crypt:3  | Found a staircase to the Tomb.
 94402 | Crypt:3  | Found a transporter.
 94402 | Crypt:3  | Noticed a royal mummy
 94409 | Crypt:3  | Noticed a dread lich
 94420 | Crypt:3  | Found a transporter.
 94435 | Crypt:3  | Noticed Konwih's ghost (veteran FoFi)
 94534 | Crypt:3  | Noticed a dread lich
 94711 | Crypt:3  | Killed a dread lich
 95635 | Zot:2    | Learned a level 6 spell: Statue Form
 95641 | Zot:2    | Reached skill level 10 in Transmutations
 95689 | Zot:2    | Identified the +4 morningstar of the Present {freeze,
                  | Int+4}
 95691 | Zot:2    | Identified the ring of the Well-Known Xalams {rPois rC+
                  | Will+ Int+2}
 95708 | Zot:2    | Reached XP level 27. HP: 209/209 MP: 48/48
 95714 | Zot:2    | Identified the ring of Fun {rPois Str-2 Int+6}
 96387 | Zot:5    | Noticed a dread lich
 96390 | Zot:5    | Killed a dread lich
 96555 | Zot:5    | Reached skill level 10 in Necromancy
 96654 | Zot:5    | Noticed an ancient lich
 96657 | Zot:5    | Killed an ancient lich
 96782 | Zot:5    | Noticed an orb of fire
 96789 | Zot:5    | Killed an orb of fire
 96789 | Zot:5    | Noticed a dread lich
 96820 | Zot:5    | Killed a dread lich
 96998 | Zot:5    | Noticed an orb of fire
 96999 | Zot:5    | Gained mutation: You are strong-willed. (Will+) [an orb of
                  | fire]
 97000 | Zot:5    | Noticed an ancient lich
 97002 | Zot:5    | Gained mutation: You are occasionally teleported next to
                  | monsters. [an orb of fire]
 97014 | Zot:5    | Killed an orb of fire
 97023 | Zot:5    | Killed an ancient lich
 97149 | Zot:5    | Noticed a dread lich
 97149 | Zot:5    | Noticed a dread lich
 97153 | Zot:5    | Killed a dread lich
 97156 | Zot:5    | Killed a dread lich
 97232 | Zot:5    | Noticed an orb of fire
 97234 | Zot:5    | Gained mutation: You are clumsy. (Dex -2) [an orb of fire]
 97245 | Zot:5    | Killed an orb of fire
 97254 | Zot:5    | Noticed an ancient lich
 97266 | Zot:5    | Killed an ancient lich
 97268 | Zot:5    | Killed from afar by a quicksilver dragon

Illustrated notes

Levels and vault maps discovered:
D:1:      minmay_arrival_three_doors, layout_basic, feat_on_display
D:2:      layout_rooms, kennysheep_cross_room, minmay_misc_feat_hallway,
          uniq_robin
D:3:      layout_basic, st_stairs_7, uniq_crazy_yiuf_cottage, uniq_natasha,
          uniq_ijyb, uniq_grinder
D:4:      layout_basic
D:5:      minmay_opposing_rooms, layout_basic, serial_shops,
          nicolae_shop_overgrown_old_shop
D:6:      hangedman_cross_stitches, layout_gridville, minmay_temple_entry_waves,
          uniq_menkaure, uniq_duvessa
D:7:      layout_cave_pools, ashenzari_conservatory_becter
D:8:      layout_basic, nicolae_good_shop
D:9:      layout_long_grid, erik_lair_island, orc_0_dummy, enter_bailey_2
D:10:     layout_basic, uniq_fannar, uniq_erica, uniq_urug, uniq_joseph
D:11:     layout_loops_ring, uniq_josephine, uniq_erolcha, uniq_maurice
D:12:     layout_basic, gauntlet_entry_generic, minivault_25
D:13:     layout_basic, ebering_ghost_gozag, basic_altar, uniq_azrael
D:14:     layout_loops_ring, david_vaults_1, minmay_misc_feat_columns,
          serial_shops, shop, kennysheep_opposing_triangles
D:15:     gammafunk_enter_depths_forms, layout_irregular_city, basic_altar,
          fedhas_altar_3
Lair:1:   layout_long_grid, grunt_megastairs_1, lemuel_fruit_fields
Lair:2:   layout_cave_pods, serial_bayou_shore_a
Lair:3:   layout_regular_city, nicolae_spider_entry_tight_spaces, uniq_gastronok
Lair:4:   layout_misc_corridors, nicolae_swamp_entry_splash_gauntlet,
          nicolae_volcano_entry_lava_flow, uniq_sonja, uniq_rupert
Lair:5:   beast_lair_carwin_large_3, layout_long_grid, slime_dummy,
          chequers_serial_rivers_small_a, worms_lemuel
Lair:6:   guppyfry_lair_end_dragon, layout_hall_layers,
          hangedman_lair_in_review, st_stairs_6, serial_bayou_crossing
Swamp:1:  layout_basic_swamp, hangedman_swamp_cone
Swamp:2:  layout_basic_swamp, nicolae_swamp_oxbows, swamp_pool4,
          nicolae_swamp_treefoil, wheals_swamp_sinkhole, grunt_ruined_hall
Swamp:3:  layout_basic_swamp, evilmike_swamp_ruin_house_2
Swamp:4:  swamp_pestilence, layout_basic_swamp, nicolae_swamp_godswood,
          swamp_pool2, nzn_swamp_dancing_lights
Spider:1: layout_spider_delve, portal_ice_cave_entry_pillars_four,
          gammafunk_ghost_cemetery, einodemon_crawler_minivault
Spider:2: layout_spider_delve
Spider:3: layout_chambers
Spider:4: grunt_spider_rune_parallel, nicolae_spider_circle_web
Slime:1:  layout_caves
Slime:2:  layout_caves
Slime:3:  cheibrodos_slime_lost_civilization_2, layout_caves
Slime:4:  layout_caves
Slime:5
Orc:1:    layout_diamond_mine, basic_altar, serial_shops, shop
Orc:2:    grunt_orc_gardens, layout_diamond_mine, grunt_orc_garden,
          grunt_orc_garden, grunt_orc_garden, grunt_orc_garden, basic_altar
Elf:1:    eino_elf_arrival_shootout, layout_gridlike, minmay_elf_annihilation,
          uniq_jorgrun
Elf:2:    layout_loops_ring, basic_altar, serial_shops, nicolae_shop_crystal
Elf:3:    minmay_elf_hall_x, layout_geoelf_grid, nicolae_trove_entry_crossroad,
          serial_shops, shop, nicolae_shop_statue_plus, shop_statue, uniq_louise
Vaults:1: hangedman_vaults_slice, v_rooms_4, nicolae_vaults_network_quincunx
          [nicolae_vaults_network_quincunx_subvault,
          nicolae_vaults_network_quincunx_subvault,
          nicolae_vaults_network_quincunx_subvault,
          nicolae_vaults_network_quincunx_subvault,
          nicolae_vaults_network_quincunx_subvault],
          hangedman_vaults_stretched_pinwheel, nicolae_vaults_quartermaster,
          v_misc_2, vaults_room_grunt_arrival_ludios, ontoclasm_vaults_hangar,
          v_misc_15, nicolae_vaults_theta, layout_vaults_omnibox, serial_shops,
          nicolae_shop_window_shopping
Vaults:2: grunt_vaults_funnel, vaults_room_door_hall,
          nicolae_vaults_little_squares_6, grunt_vaults_focal,
          ontoclasm_vaults_chip, vaults_dpeg_cross, layout_vaults_quadrants,
          minmay_crypt_entry_simple_round
Vaults:3: nicolae_vaults_big_angled_halls, nicolae_vaults_lopsided_apartments,
          ontoclasm_vaults_ring_large, nicolae_vaults_mini_display_case,
          vaults_room_corners, ontoclasm_vaults_ligature, vaults_mumra_chevron,
          vaults_room_stairs_pillars, vaults_room_pool,
          hangedman_vaults_river_flow, ontoclasm_vaults_loading_screen,
          hangedman_vaults_snaps, vaults_room_pools, vaults_room_pools,
          vaults_dpeg_encased_lava, grunt_vaults_hallway_long,
          vaults_room_hallway, layout_vaults_big_cross
Vaults:4: nicolae_vaults_minivaults, hangedman_vaults_capsules,
          vaults_mumra_minichess_inversion, ontoclasm_vaults_hangar,
          ontoclasm_vaults_ring_square, grunt_vaults_bifocal, v_misc_29,
          nicolae_vaults_ninety_degrees, v_alt_pattern_2,
          nicolae_vaults_network_quinsquares
          [nicolae_vaults_network_quincunx_subvault,
          nicolae_vaults_network_quincunx_subvault,
          nicolae_vaults_network_quincunx_subvault,
          nicolae_vaults_network_quincunx_subvault], vaults_room_semicircle,
          serial_ice_m, layout_vaults_maze, serial_shops, nicolae_shop_crystal,
          shop, uniq_donald, uniq_margery, uniq_mennas
Vaults:5: serial_shops
Crypt:1:  layout_gridlike
Crypt:2:  layout_basic, infiniplex_enter_wizlab_spiral, gammafunk_ghost_grave
Crypt:3:  david_glass_crypt, layout_chaotic_city, tomb_entry_shell_bobbens,
          nzn_ghost_randoct
Depths:1: layout_cave_pools, minmay_misc_feat_chi, abyss_entry_crystal,
          rand_demon_pan_entry_3, pf_hell_entry_great_geh, onia_ninara_cookie,
          minmay_shop_grove
Depths:2: kennysheep_spiral_hall, layout_cross, enter_ziggurat_b,
          abyss_entry_flame_altar, hellmouth_1, nrook_uturn,
          rand_demon_pan_entry_4, not_door_vault_due
Depths:3: wad_pebble_path, layout_gridville, pan_entry, kennysheep_minor_cross,
          grunt_mini_vestibule
Depths:4: dpeg_oklob_shooting_range, layout_gridlike, serial_bayou,
          serial_bayou_ford_a, serial_bayou_pond_a, serial_bayou_pond_d,
          serial_bayou_pond_c, serial_bayou_shore_b, hell_entry, abyss_entry
Depths:5: grunt_zot_entry_alcove, layout_gridlike, gammafunk_ghost_endoplasm,
          minmay_room_of_horrors, hell_entry, serial_bayou_shore_b,
          minmay_shop_star, grunt_megastairs_3
Zot:1:    layout_concentric_octagons, gammafunk_ghost_berserking_beasts
Zot:2:    gammafunk_its_a_trap, layout_gridlike
Zot:3:    layout_gridville
Zot:4:    nicolae_moth_party, layout_gridlike, grunt_megastairs_5
Zot:5:    layout_cathedral_of_symmetry

Skill      XL: |  1  2  3  4  5  6  7  8  9 10 11 12 13 14 15 16 17 18 19 20 21 22 23 24 25 26 27 |
---------------+----------------------------------------------------------------------------------+-----
Spellcasting   | 2 3 4 5 6 7 8 9 10 11 12 13 14 15 | 15.0
Conjurations   | 4 5 6 7 8 9 10 11 12 15 18 20 22 23 | 23.0
Evocations     | 1 2 3 4 5 6 8 |  8.0
Hexes          | 1 2 3 4 5 6 7 8 |  8.0
Dodging        | 3 4 5 6 7 |  7.8
Fighting       | 2 4 5 6 7 8 9 10 | 10.0
Shields        | 3 4 5 7 10 12 13 14 15 | 15.0
Staves         | 3 5 |  5.0
Fire Magic     | 3 7 11 14 16 17 18 19 20 21 22 23 | 23.0
Armour         | 2 5 6 |  6.0
Necromancy     | 4 5 9 11 | 11.9
Earth Magic    | 2 7 10 13 15 | 15.6
Transmutations | 10 14 | 14.6
Stealth        | |  1.7

Action                   |  1- 3 |  4- 6 |  7- 9 | 10-12 | 13-15 | 16-18 | 19-21 | 22-24 | 25-27 || total
-------------------------+-------+-------+-------+-------+-------+-------+-------+-------+-------++-------
Melee: Falchion          |    34 |       |       |       |       |       |       |       |       ||    34
       Staff             |       |    19 |     7 |    54 |   157 |    90 |    32 |     8 |     7 ||   374
       Scimitar          |       |       |       |       |       |     7 |       |       |       ||     7
       Demon whip        |       |       |       |       |       |       |       |     9 |       ||     9
       Headbutt          |       |       |       |       |       |       |       |       |     2 ||     2
       Quarterstaff      |       |       |       |       |       |       |       |       |     1 ||     1
 Cast: Magic Dart        |    73 |    78 |   134 |   125 |    54 |    10 |       |       |       ||   474
       Searing Ray       |     1 |    12 |    41 |    77 |    83 |    62 |       |       |       ||   276
       Fulminant Prism   |       |       |     8 |   127 |    79 |    50 |     1 |     5 |       ||   270
       Dazzling Flash    |       |       |     1 |       |     2 |     2 |       |       |       ||     5
       Sticky Flame      |       |       |       |     8 |    81 |    17 |     1 |       |       ||   107
       Fireball          |       |       |       |       |   337 |   419 |    69 |     9 |       ||   834
       Ignition          |       |       |       |       |     2 |    87 |   140 |   104 |    61 ||   394
       Sublimation of Bl |       |       |       |       |       |    26 |    43 |    75 |    81 ||   225
       Iron Shot         |       |       |       |       |       |   117 |   305 |   527 |   175 ||  1124
       Blink             |       |       |       |       |       |     7 |       |    18 |     3 ||    28
       Swiftness         |       |       |       |       |       |       |       |     2 |     4 ||     6
       Fire Storm        |       |       |       |       |       |       |       |    47 |   200 ||   247
Evoke: Wand              |       |     4 |       |     5 |    20 |    24 |     6 |     4 |     4 ||    67
  Use: Scroll            |       |       |    11 |     2 |     9 |    10 |     2 |     5 |    10 ||    49
       Potion            |       |       |       |       |       |    21 |     6 |    10 |     4 ||    41
Armor: Robe              |    10 |     7 |       |       |       |       |       |       |       ||    17
       Steam dragon scal |       |       |    15 |    65 |       |       |       |       |       ||    80
       Troll leather arm |       |       |       |    29 |   166 |   186 |    55 |    60 |    23 ||   519
       Leather armour    |       |       |       |       |     4 |       |       |       |       ||     4
Dodge: Dodged            |    35 |    34 |    45 |   198 |   354 |   295 |   101 |   111 |    36 ||  1209
Block: Buckler           |       |       |       |       |    71 |   194 |     9 |       |       ||   274
       Kite shield       |       |       |       |       |       |       |   135 |   149 |    73 ||   357
       Other             |       |       |       |       |       |       |       |       |     2 ||     2
       Rpst.: Falchion   |     3 |       |       |       |       |       |       |       |       ||     3
       Scimitar          |       |       |       |       |       |     2 |       |       |       ||     2

Table legend: (Time is in decaauts)
 A = Elapsed time spent in this place.
 B = Non-inter-level travel time spent in this place.
 C = Inter-level travel time spent in this place.
 D = Time resting spent in this place.
 E = Time spent auto-exploring this place.
 F = Levels seen in this place.
 G = Mean time per level.
                   A        B        C        D        E       F      G
               +--------+--------+--------+--------+--------+-----+--------+
         Total |  98019 |  90358 |   7661 |  32011 |  41761 |  61 | 1606.9 |
       Dungeon |  25899 |  23737 |   2162 |   8034 |  12492 |  15 | 1726.6 |
          Lair |   9827 |   8697 |   1130 |   2411 |   4651 |   6 | 1637.8 |
         Swamp |   5489 |   5167 |    322 |   2070 |   1993 |   4 | 1372.2 |
   Spider Nest |   5804 |   5393 |    411 |   1748 |   2688 |   4 | 1451.0 |
    Slime Pits |   3619 |   3459 |    160 |   1538 |   1327 |   5 |  723.8 |
  Orcish Mines |   3989 |   3616 |    373 |   1955 |    956 |   2 | 1994.5 |
   Elven Halls |   5901 |   5483 |    418 |   1807 |   2153 |   3 | 1967.0 |
        Vaults |  12695 |  11352 |   1343 |   3930 |   5344 |   5 | 2539.0 |
         Crypt |   4120 |   4002 |    118 |   1307 |   1878 |   3 | 1373.3 |
        Depths |  10471 |   9826 |    645 |   3800 |   4097 |   5 | 2094.2 |
           Zot |   8236 |   7662 |    574 |   2767 |   3532 |   5 | 1647.2 |
        Bailey |     40 |     40 |      0 |     17 |      0 |   1 |   40.0 |
      Ice Cave |    709 |    709 |      0 |    164 |    335 |   1 |  709.0 |
       Volcano |    389 |    389 |      0 |    117 |    100 |   1 |  389.0 |
        Wizlab |    823 |    823 |      0 |    344 |    214 |   1 |  823.0 |
               +--------+--------+--------+--------+--------+-----+--------+

Top non-repeatable levels by time:
Vaults:4: 3365 daAuts
    D:14: 3014 daAuts
    D:15: 2967 daAuts
Depths:2: 2799 daAuts
Depths:5: 2500 daAuts
Vaults:1: 2421 daAuts
   Elf:3: 2408 daAuts
   Orc:2: 2401 daAuts
  Lair:6: 2388 daAuts
Vaults:5: 2385 daAuts
     D:9: 2370 daAuts
Vaults:3: 2339 daAuts
    D:11: 2312 daAuts
Vaults:2: 2184 daAuts
   Zot:1: 2146 daAuts
